[Event "Team 45 45 League T51"]
[Site "Internet Chess Club"]
[Date "2012.01.09"]
[Round "8"]
[White "BigH"]
[Black "Boromir"]
[Result "1/2-1/2"]
[WhiteElo "2264"]
[BlackElo "1915"]
[Opening "QGD: Orthodox defense, Bd3 line"]
[ECO "D66"]
[Time "14:00:30"]
[TimeControl "2700+45"]

1. d4 Nf6 2. c4 e6 3. Nf3 d5 4. Bg5 Be7 5. Nc3 O-O 6. e3 c6 7. Rc1 Nbd7 8. Bd3
h6 9. Bf4 dxc4 10. Bxc4 Nb6 11. Bd3 Nbd5 12. Bg3 Nh5 13. Bb1 Nxg3 14. hxg3 f5
15. e4 Nxc3 16. bxc3 Ba3 17. Rc2 fxe4 18. Ne5 Bd6 19. Qg4 Bxe5 20. dxe5 Qd5 21.
Rxh6 Qxe5 22. Rg6 Bd7 23. Re2 Qxc3+ 24. Kf1 Qc1+ 25. Re1 Qb2 26. f4 exf3 27.
gxf3 Rf7 28. Qe4 Raf8 29. f4 c5 30. Rxe6 Bb5+ 31. Kg1 Qd4+ 32. Qxd4 cxd4 33. Rd6
Rd7 34. Rxd7 Bxd7 35. Rd1 Bc6 36. Rxd4 Kf7 37. g4 Rh8 38. Kf2 Rh3 39. Bd3 Kf6
40. g5+ Ke7 41. Bc4 a5 42. Rd3 Rxd3 43. Bxd3 b5 44. Ke3 Kd6 45. Kd4 Bd5 46. Bb1
b4 47. f5 b3 48. a3 Bc6 49. Bd3 Bd5 50. Kc3 Ke5 51. Bb1 Kf4 52. Kd4 Bg8 53. g6
Kf3 54. Kc5 Ke3 55. Kb5 Kd4 56. Kxa5 Kc5 57. Ka6 b2 58. a4 Bc4+ 59. Kb7 Kb4 60.
Kc6 Kxa4 61. Kd6 Ka3 62. f6 gxf6 63. g7 Kb3 64. Bd3 Bg8 65. Bb1 Bc4 66. Ke7 f5
67. Bd3 Bg8 68. Kf8 Bd5 69. Bxf5 Ka2 70. Be4 Bc4 71. Bh7 b1=Q 72. Bxb1+ Kxb1 73.
g8=N {Game drawn because neither player has mating material} 1/2-1/2

[Event "Team 45 45 League T51"]
[Site "Internet Chess Club"]
[Date "2012.01.07"]
[Round "8"]
[White "BuddyT"]
[Black "Nakke"]
[Result "1-0"]
[WhiteElo "1837"]
[BlackElo "1929"]
[Opening "King's Indian: orthodox, 7...Nbd7"]
[ECO "E94"]
[Time "07:02:12"]
[TimeControl "2700+45"]

1. d4 d6 2. Nf3 Nf6 3. c4 Nbd7 4. Nc3 g6 5. e4 Bg7 6. Be2 O-O 7. O-O e5 8. Be3
Ng4 9. Bg5 f6 10. Bh4 Nh6 11. dxe5 dxe5 12. b4 g5 13. Bg3 Nf7 14. c5 c6 15. Qc2
Qe7 16. a4 Nb8 17. Nd2 Be6 18. f3 Nd7 19. Bf2 Rfd8 20. Rfd1 Nf8 21. Nc4 Rxd1+
22. Rxd1 Rd8 23. Ne3 Rxd1+ 24. Qxd1 Qd7 25. Qc2 Ng6 26. Nf5 Bf8 27. b5 Be7 28.
Nxe7+ Nxe7 29. Qb2 Qc7 30. b6 axb6 31. cxb6 Qc8 32. a5 Nd8 33. Qa3 Kf7 34. Bc5
Qd7 35. Bxe7 Qxe7 36. Qxe7+ Kxe7 37. a6 bxa6 38. Bxa6 Kd6 39. Na4 Bb3 40. Nc3
Ne6 41. Kf2 Nc5 42. Bc8 Na4 43. Nxa4 Bxa4 44. Be6 Bb5 45. Kg3 Ba6 46. Bg8 h5 47.
Bf7 h4+ 48. Kg4 c5 49. Kf5 c4 50. Kxf6 c3 51. Bb3 Bf1 52. g3 hxg3 53. hxg3 Be2
54. Kxg5 Bxf3 55. Bc2 Kc6 56. Kf5 Kxb6 57. Kxe5 Kc5 58. Kf4 Bh5 59. e5 Bf7 60.
Kg5 Kd4 61. Kf6 Bh5 62. e6 Ke3 63. Kg5 Be8 64. g4 Kd2 65. Bb3 c2 66. Bxc2 Kxc2
67. Kf6 Kd3 68. g5 {Black resigns} 1-0

[Event "Team 45 45 League T51"]
[Site "Internet Chess Club"]
[Date "2012.01.07"]
[Round "8"]
[White "jps7"]
[Black "gandre"]
[Result "1-0"]
[WhiteElo "1768"]
[BlackElo "1672"]
[Opening "Queen's pawn game"]
[ECO "D05"]
[Time "09:00:21"]
[TimeControl "2700+45"]

1. d4 d5 2. Nf3 e6 3. e3 Nf6 4. Bd3 b6 5. O-O Bb7 6. b3 c5 7. Bb2 Nbd7 8. Nbd2
Bd6 9. Ne5 O-O 10. f4 Rc8 11. c4 cxd4 12. exd4 Bb4 13. Rc1 Qe7 14. Ndf3 Rfd8 15.
Ng5 Rf8 16. Qc2 h6 17. Bh7+ Kh8 18. Ngxf7+ Rxf7 19. Ng6+ Kxh7 20. Nxe7+ {Black
resigns} 1-0

[Event "Team 45 45 League T51"]
[Site "Internet Chess Club"]
[Date "2012.01.07"]
[Round "8"]
[White "eurander"]
[Black "superbeast"]
[Result "1/2-1/2"]
[WhiteElo "2182"]
[BlackElo "1981"]
[Opening "Sicilian: Alapin's variation (2.c3)"]
[ECO "B22"]
[Time "08:00:29"]
[TimeControl "2700+45"]

1. e4 c5 2. c3 Nf6 3. e5 Nd5 4. d4 cxd4 5. cxd4 d6 6. Nf3 Nc6 7. Bc4 Nb6 8. Bb5
dxe5 9. Nxe5 Bd7 10. Nxd7 Qxd7 11. Nc3 Rd8 12. Be3 e6 13. Qg4 a6 14. Bxc6 Qxc6
15. O-O h5 16. Qe2 h4 17. h3 Be7 18. Rac1 O-O 19. Qh5 Rd7 20. Rfd1 Rfd8 21. Qg4
f5 22. Qg6 Rd6 23. Qh5 Qe8 24. Qf3 R6d7 25. Bf4 Bf6 26. Be5 Qg6 27. Re1 Bxe5 28.
Rxe5 Nc4 29. Re2 Rxd4 30. Qxb7 e5 31. b3 Nd2 32. Kh1 R4d7 33. Qb4 e4 34. Rg1 Qf6
35. Rge1 Rd3 36. Nb1 Nxb1 37. Rxb1 R3d4 38. Qc5 R8d5 39. Qc7 Rd2 40. Rbe1 Qg5
41. Qc4 Kh7 42. Qxa6 Rxe2 43. Qxe2 Rd2 44. Qf1 Rxa2 45. Re2 Ra3 46. Qd1 Qh5 47.
Kh2 Ra2 48. f3 Ra3 49. fxe4 fxe4 50. Re1 Qxd1 51. Rxd1 Kg6 52. Rb1 Ra5 53. b4
Rb5 54. g3 Kf5 55. Kg2 e3 56. Kf3 hxg3 57. Kxe3 Kg5 58. Kf3 Kh4 59. Kg2 g5 {Game
drawn by mutual agreement} 1/2-1/2

[Event "Team 45 45 League T51"]
[Site "Internet Chess Club"]
[Date "2012.01.09"]
[Round "8"]
[White "CheeryCherry"]
[Black "kidviper"]
[Result "1/2-1/2"]
[WhiteElo "1445"]
[BlackElo "1948"]
[Opening "Nimzovich-Larsen attack: Indian variation"]
[ECO "A01"]
[Time "18:35:06"]
[TimeControl "2700+45"]

1. b3 Nf6 2. Bb2 d5 3. f4 Bg4 4. h3 Bf5 5. Nf3 Ne4 6. g4 Ng3 7. Rg1 Nxf1 8. gxf5
Qd6 9. e3 Qh6 10. Rxf1 Qxh3 11. Qe2 c6 12. Nc3 Qxf5 13. Nd4 Qc8 14. O-O-O e6 15.
f5 e5 16. Nf3 f6 17. Nh4 Qd7 18. d3 Qf7 19. Qg2 Nd7 20. Ne2 O-O-O 21. c4 Nb6 22.
Kb1 Rg8 23. Rc1 Kb8 24. Qg3 Nd7 25. d4 Bd6 26. c5 Bc7 27. Qg2 Rde8 28. b4 a6 29.
Bc3 exd4 30. exd4 Qh5 31. Nf3 Qxf5+ 32. Ka1 Qd3 33. Ng3 Qg6 34. Rg1 Re3 35. Qf2
Qd3 {Game drawn by mutual agreement} 1/2-1/2

[Event "Team 45 45 League T51"]
[Site "Internet Chess Club"]
[Date "2012.01.08"]
[Round "8"]
[White "Warpdrive"]
[Black "rayonline53"]
[Result "1-0"]
[WhiteElo "1593"]
[BlackElo "1397"]
[Opening "French: Tarrasch, closed variation"]
[ECO "C05"]
[Time "19:00:19"]
[TimeControl "2700+45"]

1. e4 e6 2. d4 d5 3. Nd2 Nf6 4. e5 Nfd7 5. Bd3 c5 6. c3 Nc6 7. Ne2 Qb6 8. Nf3
cxd4 9. cxd4 f6 10. exf6 Nxf6 11. O-O Bd6 12. Nc3 O-O 13. Be3 Bd7 14. h3 Rac8
15. Rc1 Qd8 16. a3 a6 17. Re1 Na5 18. Ne5 b5 19. Nxd7 Qxd7 20. Rc2 Nc4 21. Bc1
e5 22. Bxc4 Rxc4 23. dxe5 d4 24. Na2 Rxc2 25. Qxc2 Re8 26. f4 Nd5 27. Qd3 Bc5
28. Bd2 Nb6 29. b4 Bf8 30. Nc1 Qd5 31. Nb3 Nc4 32. Bc1 Rd8 33. Re4 Ne3 34. Bxe3
dxe3 35. Qxd5+ Rxd5 36. Rxe3 Be7 37. Kf2 Bd8 38. Ke2 Kf7 39. Rd3 Ke6 40. Nc5+
{Black resigns} 1-0

[Event "Team 45 45 League T51"]
[Site "Internet Chess Club"]
[Date "2012.01.06"]
[Round "8"]
[White "Muravey"]
[Black "milesotoole"]
[Result "0-1"]
[WhiteElo "1621"]
[BlackElo "1530"]
[Opening "Nimzovich-Larsen attack: modern variation"]
[ECO "A01"]
[Time "10:16:21"]
[TimeControl "2700+45"]

1. b3 e5 2. Bb2 Nc6 3. e3 Nf6 4. Bb5 e4 5. d3 a6 6. Bxc6 dxc6 7. Ne2 Bf5 8. Ng3
Bg6 9. d4 Bb4+ 10. Nd2 Qd7 11. a3 Be7 12. Qe2 O-O-O 13. O-O-O h5 14. h4 Rhe8 15.
Nc4 Kb8 16. Ne5 Qe6 17. f3 c5 18. fxe4 Nxe4 19. Nxe4 Bxe4 20. Qxh5 g6 21. Qe2 f6
22. Nf3 cxd4 23. exd4 Bd6 24. Nd2 Qd5 25. Nxe4 Rxe4 26. Qd3 Rde8 27. Kb1 Re2 28.
Qxg6 Rg8 29. Qxf6 Rgxg2 30. Rhg1 Qe4 31. Qh8+ Ka7 32. d5 Qxc2+ 33. Ka1 Qxb2+ 34.
Qxb2 Rxb2 35. Rxg2 Rxg2 36. Rh1 Be5+ 37. Kb1 Rb2+ 38. Kc1 Rxb3 39. h5 Rxa3 40.
h6 Ra1+ {White resigns} 0-1

[Event "Team 45 45 League T51"]
[Site "Internet Chess Club"]
[Date "2012.01.10"]
[Round "8"]
[White "Sir-Sinister"]
[Black "vael"]
[Result "1-0"]
[WhiteElo "1894"]
[BlackElo "1791"]
[Opening "French: Rubinstein variation"]
[ECO "C10"]
[Time "19:01:53"]
[TimeControl "2700+45"]

1. Nc3 d5 2. d4 e6 3. e4 dxe4 4. Nxe4 Nf6 5. Nxf6+ Qxf6 6. Nf3 Bd6 7. Bg5 Qf5 8.
Bd3 Qa5+ 9. c3 Bd7 10. O-O Bc6 11. b4 Qb6 12. Be3 Bxf3 13. Qxf3 c6 14. d5 Qc7
15. dxe6 fxe6 16. Qh3 Qd7 17. Bg6+ {Black resigns} 1-0

[Event "Team 45 45 League T51"]
[Site "Internet Chess Club"]
[Date "2012.01.09"]
[Round "8"]
[White "bshribharath"]
[Black "Freitac"]
[Result "1/2-1/2"]
[WhiteElo "1799"]
[BlackElo "1836"]
[Opening "English opening"]
[ECO "A05"]
[Time "07:07:34"]
[TimeControl "2700+45"]

1. Nf3 Nf6 2. c4 g6 3. g3 Bg7 4. Bg2 O-O 5. O-O d5 6. cxd5 Nxd5 7. Nc3 Nc6 8.
Qb3 Nb6 9. d3 Be6 10. Qa3 Qd6 11. Qxd6 cxd6 12. Bd2 Rac8 13. Rfc1 Nd5 14. Ng5
Nxc3 15. Bxc3 Bd7 16. Bxg7 Kxg7 17. Rc3 Nd4 18. Kf1 Bc6 19. Bxc6 Rxc6 20. Rxc6
Nxc6 21. Rc1 a6 22. e3 Rc8 23. d4 h6 24. Nf3 Kf8 25. d5 Na7 26. Rxc8+ Nxc8 27.
Nd4 Nb6 28. e4 Nc4 29. Ke2 Nxb2 30. Kd2 Na4 31. Kd3 Nc5+ 32. Ke3 Kg7 33. f4 Kf6
34. h4 b5 35. Nc6 Nd7 36. Nb4 Nc5 {Game drawn by mutual agreement} 1/2-1/2

[Event "Team 45 45 League T51"]
[Site "Internet Chess Club"]
[Date "2012.01.06"]
[Round "8"]
[White "Kheeljoi"]
[Black "FlyingTiger"]
[Result "1-0"]
[WhiteElo "1835"]
[BlackElo "1768"]
[Opening "Sicilian: closed, 6.Be3"]
[ECO "B26"]
[Time "20:05:49"]
[TimeControl "2700+45"]

1. e4 c5 2. Nc3 g6 3. g3 Bg7 4. Bg2 Nc6 5. d3 d6 6. Be3 Nf6 7. h3 O-O 8. Qd2 Nd4
9. Nce2 e5 10. c3 Nc6 11. f4 b6 12. Nf3 Nh5 13. O-O Ba6 14. Kh2 Rc8 15. Rad1 h6
16. fxe5 Nxe5 17. Nxe5 Bxe5 18. Bxh6 Bg7 19. Bxg7 Nxg7 20. Qh6 Ne6 21. Nf4 Qd7
22. Nd5 {Black resigns} 1-0

[Event "Team 45 45 League T51"]
[Site "Internet Chess Club"]
[Date "2012.01.06"]
[Round "8"]
[White "TwoEqualsOne"]
[Black "quotha"]
[Result "1/2-1/2"]
[WhiteElo "1656"]
[BlackElo "1719"]
[Opening "QGD: Charousek (Petrosian) variation"]
[ECO "D31"]
[Time "17:00:14"]
[TimeControl "2700+45"]

1. d4 d5 2. c4 e6 3. Nc3 Be7 4. Bf4 c6 5. cxd5 exd5 6. e3 Nf6 7. h3 O-O 8. Bd3
Bd6 9. Bxd6 Qxd6 10. Nf3 Nbd7 11. O-O Re8 12. Rc1 b6 13. Qc2 Bb7 14. a3 Rac8 15.
Qb1 h6 16. Bf5 Rcd8 17. b4 Re7 18. Rfd1 b5 19. Nd2 Nb6 20. Nb3 Nc4 21. Qa1 Bc8
22. Bxc8 Rxc8 23. Nc5 Rce8 24. a4 bxa4 25. N3xa4 g5 26. Nb2 Nxb2 27. Qxb2 g4 28.
Qe2 gxh3 29. gxh3 Kh8 30. Kh1 Ne4 31. Rg1 Ng5 32. Qg4 Qf6 33. f4 Ne4 34. Nxe4
Rxe4 35. Rxc6 R4e6 36. Rxe6 fxe6 37. h4 Qf7 38. Qg6 Qf8 39. Ra1 Re7 40. Ra6 Qc8
41. Ra1 Qf8 42. Rc1 Rg7 43. Qxe6 Re7 44. Qc8 Re8 45. Qc5 Qf5 46. Kh2 Qg4 47. Rc2
Qxh4+ 48. Kg1 Qe1+ 49. Kh2 Qh4+ 50. Kg1 Qe1+ {Game drawn by mutual agreement}
1/2-1/2

[Event "Team 45 45 League T51"]
[Site "Internet Chess Club"]
[Date "2012.01.10"]
[Round "8"]
[White "TerryMalloy"]
[Black "SlimeDog2"]
[Result "1/2-1/2"]
[WhiteElo "2048"]
[BlackElo "2099"]
[Opening "Blackmar-Diemer: Euwe defense"]
[ECO "D00"]
[Time "21:12:57"]
[TimeControl "2700+45"]

1. d4 d5 2. e4 dxe4 3. Nc3 Nf6 4. f3 exf3 5. Nxf3 e6 6. Bg5 Be7 7. Bd3 Nbd7 8.
O-O h6 9. Bf4 Nb6 10. Kh1 Nbd5 11. Nxd5 Nxd5 12. Bd2 O-O 13. Qe2 Nb4 14. Bxb4
Bxb4 15. c3 Bd6 16. Rae1 c5 17. Qe4 f5 18. Qe3 cxd4 19. Nxd4 Bc5 20. Bc4 Bxd4
21. cxd4 Qd6 22. Qb3 Rf6 23. Re5 Qxd4 24. Rexf5 Rxf5 25. Rxf5 Bd7 26. Bxe6+ Bxe6
27. Qxe6+ Kh8 28. h3 Qxb2 29. Rf7 Rd8 30. Qe7 Rc8 31. a4 a5 32. Qe4 b5 33. Qf5
Qc1+ 34. Kh2 bxa4 35. Rxg7 Kxg7 {Game drawn by mutual agreement} 1/2-1/2

[Event "Team 45 45 League T51"]
[Site "Internet Chess Club"]
[Date "2012.01.08"]
[Round "8"]
[White "JeremyWa"]
[Black "puma"]
[Result "1-0"]
[WhiteElo "1739"]
[BlackElo "1563"]
[Opening "Caro-Kann: exchange, Rubinstein variation"]
[ECO "B13"]
[Time "12:42:09"]
[TimeControl "2700+45"]

1. e4 c6 2. d4 d5 3. exd5 cxd5 4. Bd3 Nc6 5. c3 Nf6 6. Bf4 Bg4 7. Ne2 e6 8. Nd2
Bd6 9. f3 Bh5 10. Qb3 Rb8 11. O-O O-O 12. Rae1 Bg6 13. Bxg6 hxg6 14. Qc2 Bxf4
15. Nxf4 Qd6 16. Nd3 Rbc8 17. Nb3 b6 18. Qd2 Rfe8 19. Rf2 Nd7 20. Rfe2 a5 21.
Na1 Nf6 22. Nc2 Qc7 23. g4 Qe7 24. Na3 Na7 25. Nf4 Qd6 26. h4 b5 27. Nc2 Nc6 28.
a3 Re7 29. Kg2 Rce8 30. Nd3 Qb8 31. Ne5 Qc7 32. Rh1 Nd7 33. Nxd7 Qxd7 34. h5
gxh5 35. Rxh5 e5 36. Kf1 exd4 37. Reh2 f6 38. Qd3 Ne5 39. Qh7+ Kf7 40. Nxd4 Ng6
41. Rh6 Re1+ 42. Kf2 Nf8 43. Rxf6+ Kxf6 44. Qh4+ Kf7 45. Qh5+ Ng6 46. f4 Qd6 47.
Qf5+ Qf6 48. Qxd5+ Kf8 49. f5 Qf7 50. Qd6+ Kg8 51. Qxg6 Qxg6 52. fxg6 Kf8 53.
Rh8+ Ke7 54. Rxe8+ Kxe8 55. Kxe1 b4 56. axb4 axb4 57. Kd2 bxc3+ 58. Kxc3 {Black
resigns} 1-0

[Event "Team 45 45 League T51"]
[Site "Internet Chess Club"]
[Date "2012.01.08"]
[Round "8"]
[White "plutonas"]
[Black "bondguy01"]
[Result "1/2-1/2"]
[WhiteElo "1438"]
[BlackElo "1661"]
[Opening "Nimzo-Indian: Fischer variation, 5.Ne2"]
[ECO "E44"]
[Time "10:00:44"]
[TimeControl "2700+45"]

1. d4 Nf6 2. c4 e6 3. Nc3 Bb4 4. e3 b6 5. Ne2 Ne4 6. Qc2 Bb7 7. a3 Bxc3+ 8. Nxc3
Nxc3 9. Qxc3 O-O 10. Qc2 d6 11. Bd3 f5 12. f3 Qh4+ 13. Qf2 Qxf2+ 14. Kxf2 Nd7
15. b4 c5 16. Bb2 Rad8 17. Rhd1 Ba8 18. Rac1 Bb7 19. Bb1 Ba8 20. Kg1 h6 21. Re1
Bb7 22. e4 f4 23. Rcd1 e5 24. d5 Rb8 25. Bc3 Ba6 26. b5 Bc8 27. a4 Ra8 28. Bd3
Kh7 29. a5 Bb7 30. Ra1 Rg8 31. Kf2 g5 32. g4 Kg6 33. Rh1 Rh8 34. h4 Kg7 35. Rh2
Rh7 {Game drawn by mutual agreement} 1/2-1/2

[Event "Team 45 45 League T51"]
[Site "Internet Chess Club"]
[Date "2012.01.05"]
[Round "8"]
[White "Greedy-Reedy"]
[Black "Zumbi"]
[Result "1/2-1/2"]
[WhiteElo "2049"]
[BlackElo "2163"]
[Opening "Alekhine's defense: Balogh variation"]
[ECO "B03"]
[Time "07:40:26"]
[TimeControl "2700+45"]

1. e4 Nf6 2. e5 Nd5 3. d4 d6 4. Bc4 Nb6 5. Bb3 d5 6. f4 Bf5 7. Nf3 e6 8. Be3 Nc6
9. c3 Nc4 10. Bxc4 dxc4 11. O-O Be7 12. Nbd2 Qd5 13. b3 b5 14. bxc4 bxc4 15. Ne1
h5 {Game drawn by mutual agreement} 1/2-1/2

[Event "Team 45 45 League T51"]
[Site "Internet Chess Club"]
[Date "2012.01.07"]
[Round "8"]
[White "grabuark"]
[Black "DARKwizard1"]
[Result "1-0"]
[WhiteElo "2118"]
[BlackElo "2119"]
[Opening "Ruy Lopez: Trajkovic counter-attack"]
[ECO "C88"]
[Time "20:04:51"]
[TimeControl "2700+45"]

1. e4 Nc6 2. Nf3 e5 3. Bb5 a6 4. Ba4 Nf6 5. O-O b5 6. Bb3 Be7 7. Re1 Bb7 8. d3
O-O 9. Nc3 h6 10. a4 b4 11. Nd5 Nxd5 12. Bxd5 d6 13. Be3 Bf6 14. c3 Rb8 15. Qd2
Na5 16. cxb4 Bxd5 17. bxa5 Bb3 18. d4 exd4 19. Bxd4 Re8 20. Qd3 c5 21. Bxf6 Qxf6
22. Qxa6 Qxb2 23. Qxd6 c4 24. a6 Ra8 25. Qc6 Rec8 26. Qb7 Rcb8 27. Qc7 Rc8 28.
Qb6 Rcb8 29. Qa5 Qf6 30. a7 Rb7 31. e5 Qe7 32. Nd4 Rbxa7 33. Qc3 Rxa4 34. Nxb3
cxb3 35. Rxa4 Rxa4 36. Qxb3 Qb4 37. Qe3 Ra3 38. Qc1 Rc3 39. Qd2 Rb3 40. Qxb4
Rxb4 41. g3 Kf8 42. f4 Rb2 43. Rf1 Ke7 44. Rf2 Rb3 45. Ra2 Ke6 46. Kg2 Rc3 47.
Kh3 Kf5 48. Ra7 Kg6 49. Kg4 h5+ 50. Kh4 Re3 51. Ra6+ f6 52. exf6 gxf6 53. Ra5
Re2 54. h3 Rh2 55. Rxh5 Rxh3+ 56. Kxh3 Kxh5 57. g4+ Kh6 58. Kg3 Kg6 59. Kf3 Kg7
60. Ke4 Kf8 61. Kd5 Ke7 62. Kc6 Ke6 63. f5+ Ke7 64. Kc7 Ke8 65. Kd6 Kf7 66. Kd7
{Black resigns} 1-0

[Event "Team 45 45 League T51"]
[Site "Internet Chess Club"]
[Date "2012.01.08"]
[Round "8"]
[White "achessman"]
[Black "Tobiasdelmonte"]
[Result "0-1"]
[WhiteElo "1959"]
[BlackElo "1832"]
[Opening "Alekhine's defense: four pawns attack, 7.Be3"]
[ECO "B02"]
[Time "21:10:00"]
[TimeControl "2700+45"]

1. e4 Nf6 2. e5 Nd5 3. c4 Nb6 4. d4 d6 5. f4 dxe5 6. fxe5 Nc6 7. Be3 Bf5 8. Nc3
e6 9. Nf3 Be7 10. Be2 O-O 11. O-O f6 12. exf6 Bxf6 13. Qd2 Qe7 14. Rad1 Rae8 15.
b3 Kh8 16. Kh1 Rd8 17. Qc1 Bg4 18. d5 Bxf3 19. Bxf3 Ne5 20. Bxb6 axb6 21. Be4
Ng4 22. Qf4 h5 23. Ne2 Be5 24. Qd2 Qh4 25. h3 Nf2+ 26. Rxf2 Rxf2 27. Qe3 Rdf8
28. Bf3 R8xf3 29. Qxe5 Rxh3+ 30. gxh3 Qxh3+ 31. Kg1 Qg2# {White checkmated} 0-1

[Event "Team 45 45 League T51"]
[Site "Internet Chess Club"]
[Date "2012.01.06"]
[Round "8"]
[White "King-Ghost"]
[Black "perikitosax"]
[Result "1-0"]
[WhiteElo "2167"]
[BlackElo "1967"]
[Opening "Benoni: four pawns attack"]
[ECO "A68"]
[Time "13:02:39"]
[TimeControl "2700+45"]

1. d4 Nf6 2. c4 e6 3. Nc3 c5 4. d5 exd5 5. cxd5 d6 6. e4 g6 7. f4 Bg7 8. Nf3 O-O
9. Bd3 Bg4 10. O-O Nbd7 11. h3 Bxf3 12. Qxf3 a6 13. a4 Qc7 14. Kh1 b6 15. b3
Rfe8 16. Bd2 Qb7 17. Rae1 Re7 18. g4 h6 19. Re2 Ne8 20. Kg2 Nc7 21. e5 Rb8 22.
Rfe1 b5 23. exd6 Rxe2+ 24. Rxe2 Ne8 25. axb5 Nxd6 26. bxa6 Qxb3 27. Ne4 Nb5 28.
Bxb5 Qxb5 29. a7 Ra8 30. Bc3 Rxa7 31. Nd6 Qb3 32. Bxg7 Qxf3+ 33. Kxf3 Kxg7 34.
Re7 Ra3+ 35. Kg2 Nb6 36. Rxf7+ Kg8 37. f5 gxf5 38. Rxf5 Rd3 39. Ne4 Kg7 40. Nxc5
Rxd5 41. Ne6+ Kh7 42. Rf7+ Kg8 43. Rg7+ Kh8 44. Rg6 Nc4 45. Rxh6+ Kg8 46. g5 Ne5
47. h4 Rd6 48. h5 Nd7 49. Rg6+ Kf7 50. Nd8+ Ke7 51. Rxd6 Kxd6 52. g6 Ke7 53. h6
Kf8 54. Nf7 {Black resigns} 1-0

[Event "Team 45 45 League T51"]
[Site "Internet Chess Club"]
[Date "2012.01.07"]
[Round "8"]
[White "bogolijubov"]
[Black "LittleWarrior"]
[Result "0-1"]
[WhiteElo "1820"]
[BlackElo "1952"]
[Opening "Sicilian: accelerated fianchetto, modern variation"]
[ECO "B34"]
[Time "13:06:29"]
[TimeControl "2700+45"]

1. e4 c5 2. Nf3 g6 3. d4 cxd4 4. Nxd4 Nc6 5. Nc3 Bg7 6. Be3 Nf6 7. Nxc6 bxc6 8.
e5 Ng8 9. f4 f6 10. e6 d5 11. f5 Nh6 12. g4 Qd6 13. Rg1 Rb8 14. Qd2 Rxb2 15.
Bxh6 Bxh6 16. Qxh6 Rxc2 17. Ne2 Qc5 18. Rc1 Rxe2+ 19. Bxe2 Qxg1+ 20. Kd2 Qd4+
21. Ke1 c5 22. Qg7 Qb4+ 23. Kf1 Rf8 24. fxg6 hxg6 25. Qxg6+ Kd8 26. Qc2 Qf4+ 27.
Ke1 Bxe6 28. Qxc5 Ke8 29. Qc7 Qe3 30. Qc6+ Kf7 31. Qc3 Qg1+ 32. Kd2 Qxh2 33. g5
Qf4+ 34. Kd1 Rc8 35. Qb2 Qxc1+ 36. Qxc1 Rxc1+ 37. Kxc1 fxg5 {White resigns} 0-1

[Event "Team 45 45 League T51"]
[Site "Internet Chess Club"]
[Date "2012.01.06"]
[Round "8"]
[White "UsuallySleepy"]
[Black "spunni"]
[Result "0-1"]
[WhiteElo "1928"]
[BlackElo "1947"]
[Opening "Giuoco Piano"]
[ECO "C54"]
[Time "08:17:47"]
[TimeControl "2700+45"]

1. e4 e5 2. Nf3 Nc6 3. Bc4 Bc5 4. c3 Nf6 5. d3 d6 6. Bb3 a6 7. O-O O-O 8. Nbd2
Ba7 9. Nc4 Ne7 10. Bg5 Ng6 11. Nh4 Kh8 12. Qd2 Nxh4 13. Bxh4 Nxe4 14. Bxd8 Nxd2
15. Nxd2 Rxd8 16. Bxf7 Bf5 17. Ne4 d5 18. Ng5 h6 19. Nf3 Bxd3 20. Rfd1 e4 21.
Ne5 Rf8 22. Rd2 c6 23. Ng6+ Kh7 24. Nxf8+ Rxf8 25. Bh5 Bb5 26. Rc2 g6 27. Bd1 e3
28. Be2 Rxf2 29. Re1 c5 30. Bd1 Rxc2 31. Bxc2 d4 32. Bd1 Kg7 33. a4 Bc4 34. b3
Bd3 35. cxd4 cxd4 36. Bf3 b5 37. axb5 Bxb5 38. Rc1 Bb6 {White resigns} 0-1

[Event "Team 45 45 League T51"]
[Site "Internet Chess Club"]
[Date "2012.01.08"]
[Round "8"]
[White "tsia68"]
[Black "viking99"]
[Result "1/2-1/2"]
[WhiteElo "1805"]
[BlackElo "1833"]
[Opening "English: Neo-Catalan declined"]
[ECO "A14"]
[Time "10:02:45"]
[TimeControl "2700+45"]

1. Nf3 d5 2. c4 Nf6 3. g3 e6 4. Bg2 Be7 5. O-O O-O 6. b3 c6 7. Bb2 Nbd7 8. d3
Qc7 9. Qc2 c5 10. e3 b6 11. Nc3 Bb7 12. cxd5 Nxd5 13. Nxd5 exd5 14. d4 c4 15.
Ne5 b5 16. bxc4 dxc4 17. Bxb7 Qxb7 18. a4 a6 19. Rab1 Rfc8 20. Bc3 Nxe5 21. dxe5
b4 22. e6 f6 23. Rfd1 b3 24. Qf5 Rc5 25. Qf4 Qc7 26. Bb4 Qxf4 27. gxf4 Rc7 28.
Bxe7 Rxe7 29. Rdc1 Rxe6 30. Rxc4 Rb8 31. Rb2 Kf7 32. a5 Rb5 33. Rc3 Rxa5 34.
Rcxb3 Re7 {Game drawn by mutual agreement} 1/2-1/2

[Event "Team 45 45 League T51"]
[Site "Internet Chess Club"]
[Date "2012.01.08"]
[Round "8"]
[White "SlimeDog2"]
[Black "Paulkov"]
[Result "0-1"]
[WhiteElo "2109"]
[BlackElo "2319"]
[Opening "Old Indian defense"]
[ECO "E68"]
[Time "20:04:48"]
[TimeControl "2700+45"]

1. d4 Nf6 2. c4 d6 3. Nf3 c6 4. Nc3 Nbd7 5. g3 g6 6. Bg2 Bg7 7. O-O O-O 8. e4 e5
9. Qc2 exd4 10. Nxd4 Re8 11. Rd1 Qc7 12. h3 a5 13. Bf4 Ne5 14. b3 Nfd7 15. Be3
Nc5 16. f4 Ned7 17. Bf2 Nf6 18. Rd2 Bd7 19. Rad1 Rad8 20. Nde2 Bc8 21. e5 Bf5
22. Qc1 Nfe4 23. Nxe4 Nxe4 24. Bxe4 Bxe4 25. Rxd6 Rxd6 26. Rxd6 f6 27. Qd2 fxe5
28. Rd7 Qc8 29. g4 exf4 30. Nxf4 Bc3 31. Qd1 Bf6 32. Bb6 Be5 33. Ne6 c5 34. Nxc5
Bc6 35. Rd8 Rxd8 {White resigns} 0-1

[Event "Team 45 45 League T51"]
[Site "Internet Chess Club"]
[Date "2012.01.09"]
[Round "8"]
[White "Boromir"]
[Black "cysk"]
[Result "1-0"]
[WhiteElo "1924"]
[BlackElo "1736"]
[Opening "Dutch with c4 & Nc3"]
[ECO "A85"]
[Time "17:29:14"]
[TimeControl "2700+45"]

1. d4 f5 2. c4 Nf6 3. Nc3 e6 4. Nf3 d5 5. Bg5 c6 6. e3 Bd6 7. Bd3 O-O 8. O-O Qe8
9. Ne2 Nbd7 10. Bf4 e5 11. dxe5 Nxe5 12. Nxe5 Bxe5 13. Qc2 Bd7 14. Qb3 b6 15.
cxd5 cxd5 16. Rac1 Kh8 17. h3 Qe7 18. Rfd1 Rac8 19. Ba6 Rc5 20. Bxe5 Qxe5 21.
Nf4 Rxc1 22. Rxc1 Rb8 23. Nd3 Qe4 24. Qc3 Re8 25. a3 Qa4 26. Nb4 Bb5 27. Bb7 Ne4
28. Qd4 Nc5 29. Qxd5 f4 30. exf4 a5 31. Na2 Qxf4 32. b4 axb4 33. axb4 Ne4 34.
Qxb5 Qxf2+ 35. Kh1 Ng3+ 36. Kh2 Rf8 37. Qd3 Nf1+ 38. Rxf1 Qxf1 39. Qxf1 Rxf1 40.
Nc3 Rc1 41. Nd5 b5 42. Kg3 Rc4 43. Kf3 g5 44. Ke3 Rc2 45. g4 Rh2 46. Bc6 Rxh3+
47. Ke4 Kg7 48. Bxb5 h5 49. gxh5 Rxh5 50. Bc6 Rh4+ 51. Kf5 Kh6 52. b5 Rh2 53. b6
Rb2 54. b7 Kh5 55. Nc7 Kh4 56. Bb5 Rf2+ 57. Ke4 Rf8 58. Ne8 {Black resigns} 1-0

[Event "Team 45 45 League T51"]
[Site "Internet Chess Club"]
[Date "2012.01.06"]
[Round "8"]
[White "Eyechess"]
[Black "cesaralexander"]
[Result "1-0"]
[WhiteElo "2037"]
[BlackElo "1890"]
[Opening "French: Rubinstein variation"]
[ECO "C10"]
[Time "21:30:18"]
[TimeControl "2700+45"]

1. e4 e6 2. d4 d5 3. Nc3 dxe4 4. Nxe4 Nd7 5. Bd3 Ngf6 6. Nf3 Be7 7. Nxf6+ Nxf6
8. O-O c5 9. Be3 cxd4 10. Bxd4 O-O 11. Qe2 Qa5 12. c3 b6 13. Bxf6 Bxf6 14. Qe4
Qf5 15. Qxa8 Qxd3 16. Qxa7 Qb5 17. Rab1 e5 18. a4 Qc6 19. a5 Bf5 20. Ra1 bxa5
21. Rxa5 Bd3 22. Re1 e4 23. Ne5 Bxe5 24. Rxe5 Qh6 25. Qe3 Qd6 26. Qd4 Qb8 27. b4
Rd8 28. Rd5 Rc8 29. f3 Bc4 30. Rc5 Rc6 {Black resigns} 1-0